 Dungeon Crawl Stone Soup version 0.22.1-2-g9c5b331383 (webtiles) character file.

1656 Peloso the Slasher (level 8, -17/69 HPs)
             Began as a Minotaur Fighter on Jan 5, 2019.
             Demolished by an orc warrior
             ... wielding a +0 dire flail
              (26 damage)
             ... on level 6 of the Dungeon.
             The game lasted 00:13:10 (4738 turns).

Peloso the Slasher (Minotaur Fighter)               Turns: 4738, Time: 00:13:10

Health: -17/69     AC:  7    Str: 23    XL:     8   Next: 68%
Magic:  8/8        EV:  7    Int:  5    God:
Gold:   239        SH: 11    Dex: 12    Spells: 7/7 levels left

rFire    . . .     SeeInvis .   a - +0 long sword
rCold    . . .     Gourm    .   c - +0 shield
rNeg     . . .     Faith    +   w - +0 chain mail
rPois    .         Spirit   .   (helmet restricted)
rElec    .         Reflect  .   u - +0 cloak
rCorr    .         Harm     .   (no gloves)
MR       .....                  (no boots)
Stlth    ..........             s - amulet of faith
HPRegen  0.21/turn              q - +2 ring of strength
MPRegen  0.11/turn              (no ring)

@: corroded
A: retaliatory headbutt, horns 2
a: no special abilities


You were on level 6 of the Dungeon.
You were not hungry.

You visited 1 branch of the dungeon, and saw 6 of its levels.

You collected 239 gold pieces.

Inventory:

Hand Weapons
 a - a +0 long sword (weapon)
 D - the +7 great mace "Firestarter" {inner flame, rF++}
   (You found it on level 4 of the Dungeon)

   It has been specially enchanted to burn those struck by it, causing extra
   injury to most foes and up to half again as much damage against particularly
   susceptible opponents.
   It greatly protects you from fire.
Armour
 b - a +0 scale mail
 c - a +0 shield (worn)
 u - a +0 cloak (worn)
 w - a +0 chain mail (worn)
Jewellery
 q - a +2 ring of strength (left hand)
 s - an amulet of faith (around neck)
 B - an uncursed ring of ice {unknown}
 C - an uncursed ring of magical power {unknown}
 H - an uncursed ring of wizardry {unknown}
Wands
 p - a wand of paralysis (2)
Scrolls
 e - a scroll of amnesia {unknown}
 g - 13 scrolls of identify {unknown}
 h - 2 scrolls of blinking {unknown}
 j - 5 scrolls of magic mapping {unknown}
 k - 2 scrolls of immolation {unknown}
 v - a scroll of fog {unknown}
 x - 3 scrolls of teleportation {unknown}
 y - a scroll of enchant armour {unknown}
 E - a scroll of remove curse {unknown}
Potions
 i - 2 potions of curing
 l - a potion of brilliance {unknown}
 m - 2 potions of haste {unknown}
 n - 3 potions of mutation {unknown}
 o - 2 potions of ambrosia {unknown}
 r - 3 potions of lignification {unknown}
 t - a potion of degeneration {unknown}
 z - a potion of magic {unknown}
 A - 2 potions of heal wounds {unknown}
 F - a potion of berserk rage {unknown}
Comestibles
 f - 11 rations


   Skills:
 + Level 5.5 Fighting
 + Level 7.7 Long Blades
 + Level 6.7 Armour
 + Level 2.2 Dodging
 + Level 2.8 Stealth
 + Level 7.4 Shields
 + Level 1.3 Evocations


You had 7 spell levels left.
You didn't know any spells.
Your spell library was empty.

Dungeon Overview and Level Annotations

Branches:
Dungeon (6/15)
 Temple: D:4-7

Altars:
Qazlal
Xom


Innate Abilities, Weirdness & Mutations

You reflexively headbutt those who attack you in melee.
You have a pair of horns on your head.


Message History

The orc warrior is moderately wounded.
The orc warrior closely misses you.
You slash the orc warrior!
You headbutt the orc warrior, but do no damage.
The orc warrior is heavily wounded.
You block the orc warrior's attack.
You hit the orc warrior but do no damage.
The orc warrior is heavily wounded.
The orc warrior hits you with a dire flail!
You barely miss the orc warrior. Your headbutt misses the orc warrior.
The orc warrior is heavily wounded.
You block the orc warrior's attack.
You slash the orc warrior! Your headbutt misses the orc warrior.
The orc warrior is almost dead.
The orc warrior hits you with a dire flail!!
* * * LOW HITPOINT WARNING * * *
You hit the orc warrior but do no damage.
The orc warrior is almost dead.
The orc warrior hits you with a dire flail!!
You die...

#...............##
#.............#..#
#...........#...#. ####
##<...)...#...#... #...
##.....#...#...#. #...
####)...#...#... #...
o...#...#(..#.
?..####FZo....#...#...
#.#.@ooo#..#...#...#.
#...###.#....#...#...
####......##.#...#...#.
#....###.## #..#...#...
#####.##....... ##
#...#.
##.(...#..#####... #...
#### #..#####.## ..
#.##. ...# #.## #. . #.
...# #.# #. #.


You could see an orc warrior, a bullfrog, 4 orcs and an adder skeleton.

Vanquished Creatures
  Grinder (D:5)
  Duvessa (D:4)
  A sky beast (D:6)
  3 centaurs
  A necrophage (D:4)
  2 ogres
  2 bullfrogs (D:6)
  Dowan (D:4)
  A crimson imp (D:6)
  2 bullfrog zombies (D:6)
  An orc priest (D:4)
  Crazy Yiuf (D:2)
  A centaur skeleton (D:4)
  Natasha (D:4)
  3 worker ants
  3 orc wizards
  A hound skeleton (D:4)
  Robin (D:3)
  A howler monkey skeleton (D:4)
  8 adders
  A shadow imp (D:5)
  An adder skeleton (D:5)
  A worm (D:3)
  3 dart slugs (D:1)
  2 leopard geckos
  17 orcs
  2 ball pythons (D:2)
  7 bats
  5 giant cockroaches
  12 goblins
  17 hobgoblins
  3 jackals (D:1)
  2 quokkas
  3 frilled lizards
  A jackal skeleton (D:5)
  7 kobolds
  8 rats
  2 fungi (D:2)
130 creatures vanquished.

Notes
Turn   | Place    | Note
-------+----------+-------------------------------------------
     0 | D:1      | Peloso the Minotaur Fighter began the quest for the Orb.
     0 | D:1      | Reached XP level 1. HP: 19/19 MP: 0/0
   157 | D:1      | Reached XP level 2. HP: 26/27 MP: 1/1
   502 | D:1      | Reached XP level 3. HP: 33/33 MP: 2/2
  1146 | D:2      | Reached XP level 4. HP: 36/40 MP: 3/3
  1439 | D:2      | Found a runed door.
  1443 | D:2      | Noticed Crazy Yiuf
  1446 | D:2      | Killed Crazy Yiuf
  1683 | D:3      | Reached skill level 1 in Dodging
  1690 | D:3      | Noticed Robin
  1703 | D:3      | Reached XP level 5. HP: 43/46 MP: 4/4
  1712 | D:3      | Killed Robin
  2446 | D:4      | Reached skill level 5 in Shields
  2656 | D:4      | Reached skill level 5 in Long Blades
  2656 | D:4      | Reached XP level 6. HP: 52/52 MP: 5/5
  2691 | D:4      | Noticed Dowan
  2693 | D:4      | Noticed Duvessa
  2798 | D:4      | Killed Duvessa
  2798 | D:4      | Reached skill level 5 in Armour
  2816 | D:4      | Killed Dowan
  3111 | D:4      | Reached XP level 7. HP: 60/60 MP: 6/6
  3322 | D:4      | Found the +7 great mace "Firestarter" {inner flame, rF++}
  3368 | D:4      | Noticed Natasha
  3376 | D:4      | Killed Natasha
  3514 | D:5      | Entered Level 5 of the Dungeon
  3578 | D:5      | Reached skill level 1 in Stealth
  3605 | D:5      | Found a stormy altar of Qazlal.
  3611 | D:5      | Reached skill level 1 in Evocations
  3668 | D:5      | Reached skill level 5 in Fighting
  3798 | D:5      | Noticed Grinder
  3815 | D:5      | Killed Grinder
  3815 | D:5      | Reached XP level 8. HP: 54/68 MP: 7/7
  4309 | D:6      | Found a shimmering altar of Xom.
  4309 | D:6      | Found a shimmering altar of Xom.
  4309 | D:6      | Found a shimmering altar of Xom.
  4311 | D:6      | Found a shimmering altar of Xom.
  4738 | D:6      | Demolished by an orc warrior

Skill      XL: |  1  2  3  4  5  6  7  8 |
---------------+-------------------------+-----
Fighting       | 4 5 |  5.5
Armour         | 4 5 6 |  6.7
Shields        | 4 5 6 7 |  7.4
Long Blades    | 3 5 6 7 |  7.7
Dodging        | 1 2 |  2.2
Stealth        | 1 2 |  2.8
Evocations     | 1 |  1.3

Action                   |  1- 3 |  4- 6 |  7- 9 || total
-------------------------+-------+-------+-------++-------
Melee: Long sword        |    92 |   202 |   151 ||   445
       Headbutt          |    14 |    35 |    43 ||    92
       Unarmed           |       |     2 |       ||     2
Evoke: Wand              |       |     8 |     3 ||    11
  Use: Potion            |       |       |     2 ||     2
 Stab: Paralysed         |       |     4 |     4 ||     8
  Eat: Chunk             |       |     7 |     3 ||    10
       Ration            |       |       |     1 ||     1
Armor: Scale mail        |    44 |    11 |       ||    55
       Chain mail        |       |   120 |    61 ||   181
       Skin              |       |     6 |       ||     6
Dodge: Dodged            |    38 |    45 |    34 ||   117
Block: Shield            |    40 |   110 |   115 ||   265
       Rpst.: Long sword |     8 |    13 |     9 ||    30
